 Dungeon Crawl Stone Soup version 0.30-a0-726-gd89dcf765f (webtiles) character file.

Game seed: 18315035300131834215

301 browni3141 the Cutter (level 6, -2/47 HPs)
             Began as a Human Earth Elementalist on Jan 29, 2023.
             Slain by an iguana (9 damage)
             ... on level 4 of the Dungeon.
             The game lasted 00:08:23 (3557 turns).

browni3141 the Cutter (Human Earth Elementalist)    Turns: 3557, Time: 00:08:23

Health: -2/47      AC:  2    Str:  8    XL:     6   Next: 64%
Magic:  6/10       EV: 12    Int: 18    God:
Gold:   74         SH:  0    Dex: 13    Spells: 5/11 levels left

rFire   . . .      SeeInvis .    d - +2 short sword (drain)
rCold   . . .      Faith    .    (no shield)
rNeg    . . .      Spirit   .    a - +0 robe
rPois   .          Reflect  .    (no helmet)
rElec   .          Harm     .    (no cloak)
rCorr   .          Rampage  .    (no gloves)
Will    .....                    (no boots)
Stlth   ++                       (no amulet)
HPRegen 0.27/turn                (no ring)
MPRegen 0.12/turn                (no ring)

@: no status effects
A: no striking features
a: no special abilities


You were on level 4 of the Dungeon.
You visited 1 branch of the dungeon, and saw 4 of its levels.

You collected 74 gold pieces.

Inventory:

Hand Weapons
 d - a +2 short sword of draining (weapon)
Armour
 a - a +0 robe (worn)
Wands
 m - a wand of mindburst (13)
Scrolls
 e - 2 scrolls of identify {unknown}
 f - a scroll of fear {unknown}
 g - a scroll of amnesia {unknown}
 k - a scroll of enchant weapon {unknown}
 l - 2 scrolls of teleportation {unknown}
 o - a scroll of silence {unknown}
Potions
 b - a potion of magic
 c - a potion of mutation {unknown}
 h - a potion of ambrosia {unknown}
 i - 3 potions of curing {unknown}
 j - 2 potions of haste {unknown}
 n - 2 potions of brilliance {unknown}


   Skills:
 - Level 3.0 Fighting
 - Level 4.0 Short Blades
 - Level 2.0 Dodging
 - Level 2.0 Stealth
 - Level 3.0 Spellcasting
 - Level 1.0 Transmutations
 - Level 3.0 Earth Magic
 * Level 1.7 Evocations


You had 5 spell levels left.
You knew the following spells:

 Your Spells              Type           Power      Damage    Failure   Level
a - Sandblast             Erth           26%        2d8       4%          1
b - Passwall              Tmut/Erth      7%         N/A       11%         2
c - Stone Arrow           Conj/Erth      16%        3d8       26%         3

Your spell library contained the following spells:

 Spells                   Type           Power      Damage    Failure   Level
 Necrotise                Necr           8%         1d4       16%         1
 Vampiric Draining        Necr           2%         2d6       43%         3
 Petrify                  Tmut/Erth      9%         N/A       56%         4
 Agony                    Necr           2%         N/A       99%         5


Dungeon Overview and Level Annotations

Branches:
Dungeon (4/15)
 Temple: D:4-7

Altars:
Ashenzari

Annotations:
D:4 Robin


Message History

Found a stone staircase leading up.
The iguana hisses angrily.
The blast of sand hits the iguana.
The iguana is moderately wounded.
The iguana bites you.
The blast of sand hits the iguana but does no damage.
The iguana is moderately wounded.
The iguana bites you. The iguana attacks as you move away!
The iguana bites you! The iguana attacks as you move away!
The iguana misses you.
You see here a +0 leather armour.
Casting: Sandblast (safe; 4% risk of failure)
Confirm with . or Enter, or press ? or * to list all spells.
Aiming: Passwall (safe; 11% risk of failure)
Press: ? - help, Dir - move target, p - iguana A rock wall.
The iguana barely misses you.
You begin to meditate on the wall.
You continue meditating on the rock.
The iguana bites you!
You continue meditating on the rock.
The iguana bites you!
* * * LOW HITPOINT WARNING * * *
You finish merging with the rock.
You hit the iguana. You drain the iguana.
The iguana is severely wounded.
The iguana bites you.
* * * LOW HITPOINT WARNING * * *
Aiming: Sandblast (safe; 4% risk of failure)
Press: ? - help, Q - select action, (/) - cycle Shift-Dir - straight line, f - iguana
Aim: an iguana (severely wounded, heavily drained, 84% to hit)
The blast of sand hits the iguana but does no damage.
The iguana is severely wounded.
The iguana barely misses you. The iguana closely misses you.
Aiming: Sandblast (safe; 4% risk of failure)
Press: ? - help, Q - select action, (/) - cycle Shift-Dir - straight line, f/p - iguana
Aim: an iguana (severely wounded, heavily drained, 84% to hit)
The blast of sand hits the iguana but does no damage.
The iguana is severely wounded.
The iguana bites you!
You die...

#.##.# #.....######.
#.##.# #.....### #.##.#
#.......#
#.##.####.......#
...)......# ####....###
#....#### # ###
#.###.l.# .. ..
##.#.##@# #. #.
##.###.# ##..##.####.#
#.# #...>.....l[# #.#
.........######.###.#
...................#
.........####.#.###....
#.<.#...## #.#.# ..
###...... #.#.#


You could see an iguana (very drained).

Vanquished Creatures
  A water moccasin (D:4)
  A hound (D:4)
  2 orc wizards
  3 adders
  A worm (D:2)
  A dart slug (D:3)
  5 orcs (D:3)
  A bat (D:1)
  8 endoplasms
  5 giant cockroaches
  9 goblins
  10 hobgoblins
  8 jackals
  3 quokkas
  6 ball pythons
  6 frilled lizards
  5 kobolds
  2 rats (D:3)
77 creatures vanquished.

Vanquished Creatures (others)
  14 plants (D:4)
14 creatures vanquished.

Grand Total: 91 creatures vanquished

Notes
Turn   | Place    | Note
-------+----------+-------------------------------------------
     0 | D:1      | browni3141 the Human Earth Elementalist began the quest for
                  | the Orb.
     0 | D:1      | Reached XP level 1. HP: 13/13 MP: 3/3
   490 | D:1      | Reached XP level 2. HP: 18/19 MP: 2/5
   580 | D:1      | Reached skill level 1 in Fighting
  1138 | D:2      | Reached XP level 3. HP: 26/26 MP: 3/6
  1216 | D:2      | Learned a level 2 spell: Passwall
  1220 | D:2      | Learned a level 3 spell: Stone Arrow
  1443 | D:2      | Reached skill level 1 in Short Blades
  1680 | D:2      | Reached XP level 4. HP: 33/33 MP: 4/7
  1711 | D:2      | Reached skill level 2 in Short Blades
  1910 | D:3      | Found a faded altar of an unknown god.
  2323 | D:3      | Found a broken altar of Ashenzari.
  2406 | D:3      | Reached XP level 5. HP: 16/40 MP: 5/9
  3192 | D:4      | Noticed a water moccasin
  3195 | D:4      | Noticed Robin
  3197 | D:4      | Killed a water moccasin
  3198 | D:4      | Reached skill level 4 in Short Blades
  3198 | D:4      | Reached skill level 1 in Evocations
  3198 | D:4      | Reached XP level 6. HP: 22/47 MP: 5/10
  3203 | D:4      | HP: 2/47 [goblin/+0 dagger[Robin] (3)]
  3557 | D:4      | Slain by an iguana

Illustrated notes

Levels and vault maps discovered:
D:1:      beargit_arrival_diablo_church, layout_loops_corners
D:2:      layout_rooms
D:3:      layout_loops_ring, lemuel_crystal_altar,
          hellmonk_ecumenical_altar_crossroads
D:4:      layout_loops_ring, serial_bayou_lagoon_a, kennysheep_generic_room_5,
          uniq_robin

Skill      XL: |  1  2  3  4  5 |
---------------+----------------+-----
Fighting       | 1 2 3 |  3.0
Short Blades   | 1 2 4 |  4.0
Spellcasting   | 3 |  3.0
Evocations     | 1 |  1.7
Dodging        | |  2.0
Stealth        | |  2.0
Transmutations | |  1.0
Earth Magic    | |  3.0

Action                     |  1- 3 |  4- 6 || total
---------------------------+-------+-------++-------
  Melee: Short sword       |    25 |    30 ||    55
   Cast: Sandblast         |    41 |    65 ||   106
         Passwall          |       |     3 ||     3
  Evoke: Wand              |       |     5 ||     5
 Armour: Robe              |     5 |    12 ||    17
  Dodge: Dodged            |    14 |    49 ||    63

Table legend: (Time is in decaauts)
 A = Elapsed time spent in this place.
 B = Non-inter-level travel time spent in this place.
 C = Inter-level travel time spent in this place.
 D = Time resting spent in this place.
 E = Time spent auto-exploring this place.
 F = Levels seen in this place.
 G = Mean time per level.
                   A        B        C        D        E       F      G
               +--------+--------+--------+--------+--------+-----+--------+
         Total |   3605 |   3494 |    111 |    445 |   2494 |   4 |  901.2 |
       Dungeon |   3605 |   3494 |    111 |    445 |   2494 |   4 |  901.2 |
               +--------+--------+--------+--------+--------+-----+--------+

Top non-repeatable levels by time:
     D:3: 1482 daAuts
     D:1: 1142 daAuts
     D:2: 656 daAuts
     D:4: 324 daAuts
